 Dungeon Crawl Stone Soup version 0.31-a0-620-gd1cbd99268 (webtiles) character file.

Game seed: 1042119934013493651

13 Newt the Trooper (level 2, -4/20 HPs)
             Began as a Gargoyle Fighter on Aug 23, 2023.
             Slain by a hobgoblin (6 damage)
             ... led by Robin
             ... on level 1 of the Dungeon.
             The game lasted 00:00:42 (953 turns).

Newt the Trooper (Gargoyle Fighter)                  Turns: 953, Time: 00:00:42

Health: -4/20      AC: 10    Str: 19    XL:     2   Next: 37%
Magic:  2/2        EV:  9    Int:  8    God:
Gold:   48         SH:  4    Dex:  9    Spells: 1/1 levels left

rFire   . . .        a - +0 flail
rCold   . . .        c - +0 buckler
rNeg    + . .        b - +0 scale mail
rPois   ∞            (no helmet)
rElec   +            (no cloak)
rCorr   .            (no gloves)
SInv    +            m - +0 pair of boots
Will    .....        (no amulet) Stlth
                     i - ring of see invisible
HPRegen 0.23/turn    (no ring)
MPRegen 0.08/turn

%: no passive effects
@: mighty
A: sickness immunity, AC +2, negative energy resistance 1, electricity
resistance, torment resistance 1, petrification resistance
a: no special abilities


You were on level 1 of the Dungeon.
You visited 1 branch of the dungeon, and saw 2 of its levels.

You collected 48 gold pieces.

Inventory:

Hand Weapons
 a - a +0 flail (weapon)
Armour
 b - a +0 scale mail (worn)
 c - a +0 buckler (worn)
 m - a +0 pair of boots (worn)
Jewellery
 i - a ring of see invisible (left hand)
Scrolls
 e - a scroll of identify {unknown}
 n - a scroll of teleportation {unknown}
Potions
 f - a potion of ambrosia {unknown}
 g - 2 potions of magic {unknown}
 h - a potion of berserk rage {unknown}
 j - a potion of curing {unknown}
 k - a potion of heal wounds {unknown}
 l - 2 potions of brilliance {unknown}


   Skills:
 + Level 4.1 Fighting
 - Level 2.0 Maces & Flails
 - Level 3.2 Armour
 - Level 3.2 Shields


You had one spell level left.
You didn't know any spells.
Your spell library was empty.

Dungeon Overview and Level Annotations

Branches:
Dungeon (2/15)

Altars:

Annotations:
D:1 Robin


Innate Abilities, Weirdness & Mutations

You are immune to sickness and miasma.
Your stone body is resilient. (AC +2)
You are immune to poison.
You resist negative energy. (rN+)
You are resistant to electric shocks. (rElec)
You are resistant to unholy torment.
You are immune to petrification.


Message History

The hobgoblin hits you. The goblin misses you.
The goblin hits you with a +0 club. The goblin hits you but does no damage.
You climb upwards.
There is a stone staircase leading down here.
Unknown command.
Unknown command.
You hit Robin but do no damage.
The goblin hits you but does no damage. x3
Robin's bangles clink loudly.
Robin throws the goblin at you! You block the hobgoblin's attack.
Unknown command.
You hit Robin but do no damage. The goblin barely misses you.
The goblin hits you with a +0 dagger. The goblin hits you but does no damage.
The hobgoblin misses you. Robin hits you but does no damage.
You block the goblin's attack. Robin hits you with a +0 club.
The hobgoblin barely misses you. The goblin hits you with a +0 dagger.
The goblin closely misses you.
Unknown command.
The goblin attacks as it pursues you! The goblin hits you with a +0 dagger.
The goblin attacks as it pursues you! The goblin barely misses you.
Robin roars a battlecry!
The goblins go into a battle-frenzy!
The goblin hits you with a +0 dagger. Robin throws the goblin at you!
You miss the goblin. The goblin barely misses you.
The goblin hits you but does no damage. Robin hits you but does no damage.
You block the goblin's attack. The hobgoblin closely misses you.
The goblin hits you but does no damage.
Unknown command.
You feel very mighty all of a sudden. The goblin barely misses you.
Robin hits you but does no damage. The goblin closely misses you.
The hobgoblin hits you. The goblin hits you but does no damage.
Unknown command.
You hit Robin.
Robin is moderately wounded.
The goblin barely misses you. Robin hits you but does no damage.
The goblin hits you with a +0 dagger.
* * * LOW HITPOINT WARNING * * *
You block the goblin's attack. The hobgoblin hits you.
You die...

#############
#...........#
###...........#########
#.'...gg...............
#.#..g@g>..............
#.#....g......#####.###
#.#........(..# #.#
#.#...........#####.###
#.#...........'........
#.#...........#####.##.
#.#...........# #.###
#.#...........# #.###
#.#...........# #...#


You could see Robin, a hobgoblin (strong) and 3 goblins.

Vanquished Creatures
  A dart slug (D:2)
  A bat (D:2)
  2 endoplasms (D:1)
  A giant cockroach (D:1)
  A hobgoblin (D:2)
  3 ball pythons (D:1)
  A rat (D:1)
10 creatures vanquished.

Notes
Turn   | Place    | Note
-------+----------+-------------------------------------------
     0 | D:1      | Newt the Gargoyle Fighter began the quest for the Orb.
     0 | D:1      | Reached XP level 1. HP: 14/14 MP: 1/1
     1 | D:1      | Noticed an electric eel
   538 | D:1      | Reached XP level 2. HP: 20/20 MP: 2/2
   656 | D:1      | You fall into a shaft and drop 1 floor!
   656 | D:2      | Found a faded altar of an unknown god.
   673 | D:2      | Reached skill level 4 in Fighting
   944 | D:2      | Noticed Robin
   953 | D:1      | Slain by a hobgoblin

Illustrated notes

Levels and vault maps discovered:
D:1:      arrival_aquarium_a, layout_basic
D:2:      layout_basic, shapermc_ecumenical_altar_starsandcircs, uniq_robin,
          uniq_natasha, uniq_crazy_yiuf_cottage

Skill      XL: |  1  2 |
---------------+-------+-----
Fighting       | 4 |  4.1
Maces & Flails | |  2.0
Armour         | |  3.2
Shields        | |  3.2

Action                     || total
---------------------------++-------
  Melee: Flail             ||    25
    Use: Potion            ||     1
 Armour: Scale mail        ||    28
  Dodge: Dodged            ||    24
  Block: Buckler           ||    14

Table legend: (Time is in decaauts)
 A = Elapsed time spent in this place.
 B = Non-inter-level travel time spent in this place.
 C = Inter-level travel time spent in this place.
 D = Time resting spent in this place.
 E = Time spent auto-exploring this place.
 F = Levels seen in this place.
 G = Mean time per level.
                   A        B        C        D        E       F      G
               +--------+--------+--------+--------+--------+-----+--------+
         Total |    962 |    920 |     42 |     37 |    772 |   2 |  481.0 |
       Dungeon |    962 |    920 |     42 |     37 |    772 |   2 |  481.0 |
               +--------+--------+--------+--------+--------+-----+--------+

Top non-repeatable levels by time:
     D:1: 840 daAuts
     D:2: 121 daAuts
